 Seeded DCSS version 0.29.0-11-gd7f09526c8 (webtiles) character file.

Game seed: 15633764845002495573 (custom seed)

184 NinjaNoafa the Firebug (level 5, 0/28 HPs)
             Began as a Deep Elf Fire Elementalist on Sept 2, 2022.
             Was an Initiate of Vehumet.
             Succumbed to an orc wizard's poison
             ... on level 3 of the Dungeon.
             The game lasted 00:07:32 (4101 turns).

NinjaNoafa the Firebug (Deep Elf Fire Elementalist) Turns: 4101, Time: 00:07:33

Health: 0/28       AC:  6    Str:  5    XL:     5   Next: 36%
Magic:  1/11       EV: 13    Int: 22    God:    Vehumet [......]
Gold:   137        SH:  0    Dex: 15    Spells: 4/10 levels left

rFire   . . .      SeeInvis .   g - +1 dagger
rCold   . . .      Faith    .   (no shield)
rNeg    . . .      Spirit   .   a - +0 robe
rPois   .          Reflect  .   f - +0 helmet
rElec   .          Harm     .   (no cloak)
rCorr   .          Rampage  .   (no gloves)
Will    .....                   c - +0 pair of boots
Stlth   ++........              (no amulet)
HPRegen 0.09/turn               j - ring of wizardry
MPRegen 0.12/turn               (no ring)

@: lethally poisoned (0 -> -4), attractive
A: iridescent scales 1, inability to read after injury 1, noise suppression
a: Renounce Religion


You were on level 3 of the Dungeon.
You worshipped Vehumet.
Vehumet was noncommittal.
You visited 1 branch of the dungeon, and saw 3 of its levels.

You collected 137 gold pieces.

Inventory:

Hand Weapons
 g - a +1 dagger (weapon)
Missiles
 d - 32 stones
 e - 2 boomerangs of dispersal
 k - 9 poisoned darts
 l - 4 atropa-tipped darts
Armour
 a - a +0 robe (worn)
 c - a +0 pair of boots (worn)
 f - a +0 helmet (worn)
Jewellery
 j - a ring of wizardry (left hand)
Scrolls
 h - a scroll of vulnerability


   Skills:
 - Level 4.0 Dodging
 - Level 2.4 Stealth
 - Level 3.0 Spellcasting
 - Level 3.0 Conjurations
 + Level 1.8 Hexes
 - Level 5.0 Fire Magic


You had 4 spell levels left.
You knew the following spells:

 Your Spells              Type           Power      Damage    Failure   Level
a - Foxfire               Conj/Fire      80%        2x1d8     1%          1
b - Scorch                Fire           50%        2d7       1%          2
c - Conjure Flame         Conj/Fire      20%        6-21      2%          3

Your spell library contained the following spells:

 Spells                   Type           Power      Damage    Failure   Level
 Inner Flame              Hex/Fire       18%        N/A       3%          3
 Ensorcelled Hibernation  Hex/Ice        14%        N/A       5%          2
 Dazzling Flash           Conj/Hex       28%        N/A       6%          3
 Ignite Poison            Fire/Tmut/Pois 10%        N/A       8%          3
 Flame Wave               Conj/Fire      20%        2d7       10%         4
 Sticky Flame             Conj/Fire      20%        2d4       10%         4
 Spider Form              Tmut/Pois      3%         N/A       16%         3
 Hailstorm                Conj/Ice       9%         3d4       26%         4
 Iskenderun's Mystic Bla  Conj/Tloc      9%         2d4       26%         4
 Anguish                  Hex/Necr       3%         N/A       32%         4
 Freezing Cloud           Conj/Ice/Air   3%         6-21      63%         5
 Starburst                Conj/Fire      10%        6d5       78%         6
 Statue Form              Tmut/Erth      2%         N/A       99%         6
 Lehudib's Crystal Spear  Conj/Erth      4%         10d3      100%        8


Dungeon Overview and Level Annotations

Branches:
Dungeon (3/15)

Altars:
Makhleb
Vehumet


Innate Abilities, Weirdness & Mutations

You are partially covered in iridescent scales. (AC +2)
You occasionally lose the ability to read scrolls when taking damage.
You passively dampen the noise of your surroundings.


Message History

Something hits you but does no damage.
You are poisoned.
Casting: Scorch (safe; 1% risk of failure)
Confirm with . or Enter, or press ? or * to list all spells.
You can't see any susceptible monsters within range! (Use Z to cast anyway.)
Casting: Scorch (safe; 1% risk of failure)
Confirm with . or Enter, or press ? or * to list all spells.
Okay, then.
Casting: Scorch (safe; 1% risk of failure)
Confirm with . or Enter, or press ? or * to list all spells.
Flames lash something.
You feel sick. Something hits you but does no damage.
You are lethally poisoned!
Casting: Scorch (safe; 1% risk of failure)
Confirm with . or Enter, or press ? or * to list all spells.
Flames lash something.
Vehumet accepts your kill.
Reactivating autopickup.
You feel a bit more experienced.
* * * LOW HITPOINT WARNING * * *
You feel very sick.
Training target 4.0 for Dodging reached!
Your Dodging skill increases to level 4!
Your Hexes skill increases to level 1!
You aren't carrying any potions.
There is a lethal amount of poison in your body!
There is a lethal amount of poison in your body!
There is a lethal amount of poison in your body!
* * * LOW HITPOINT WARNING * * *
You feel very sick.
You aren't carrying any potions.
Okay, then.
* * * LOW HITPOINT WARNING * * *
You feel sick.
* * * LOW HITPOINT WARNING * * *
You feel sick.
* * * LOW HITPOINT WARNING * * *
You feel sick.
* * * LOW HITPOINT WARNING * * *
You feel sick.
You die...

.###...##...####.......##.....
.............# #.......#
..####.##.#..######o......
#..# #..#......####.....o.
#### ##..._.......#....... #
###.........#.......
#.#....)).#.......
#......)..........
#.......@.>.....
#.........#.....
#.........###### #.........#
#.....=...# ###......#
########


There were no monsters in sight!

Vanquished Creatures
  An orc priest (D:3)
  2 orc wizards (D:3)
  An adder (D:2)
  3 worms
  3 dart slugs
  7 orcs (D:3)
  4 ball pythons
  5 endoplasms
  3 giant cockroaches
  3 hobgoblins
  6 jackals (D:1)
  8 kobolds
  A quokka (D:1)
  9 bats
  7 frilled lizards
  4 goblins (D:1)
  7 rats
74 creatures vanquished.

Vanquished Creatures (others)
  130 foxfires
130 creatures vanquished.

Grand Total: 204 creatures vanquished

Notes
Turn   | Place    | Note
-------+----------+-------------------------------------------
     0 | D:1      | NinjaNoafa the Deep Elf Fire Elementalist began the quest
                  | for the Orb.
     0 | D:1      | Reached XP level 1. HP: 10/10 MP: 6/6
   204 | D:1      | Reached XP level 2. HP: 6/15 MP: 0/8
   604 | D:1      | Learned a level 2 spell: Scorch
   836 | D:1      | Reached skill level 4 in Fire Magic
   868 | D:1      | Reached XP level 3. HP: 5/19 MP: 1/9
  2461 | D:2      | Reached XP level 4. HP: 16/24 MP: 1/10
  2682 | D:2      | Identified a scroll of acquirement
  2682 | D:2      | Acquired the Commentary on Forceful Sculpting
  3085 | D:3      | Found a faded altar of an unknown god.
  3136 | D:3      | Gained mutation: You passively dampen the noise of your
                  | surroundings. [potion of mutation]
  3136 | D:3      | Gained mutation: You occasionally lose the ability to read
                  | scrolls when taking damage. [potion of mutation]
  3136 | D:3      | Gained mutation: You are partially covered in iridescent
                  | scales. (AC +2) [potion of mutation]
  3143 | D:3      | Reached skill level 5 in Fire Magic
  3156 | D:3      | Reached XP level 5. HP: 10/28 MP: 11/11
  3670 | D:3      | Learned a level 3 spell: Conjure Flame
  3915 | D:3      | Found a radiant altar of Vehumet.
  3944 | D:3      | Became a worshipper of Vehumet
  4029 | D:3      | Found a burning altar of Makhleb.
  4096 | D:3      | Reached skill level 1 in Hexes
  4100 | D:3      | HP: 1/28 [poisoned by an orc wizard]
  4101 | D:3      | Succumbed to an orc wizard's poison

Illustrated notes

Levels and vault maps discovered:
D:1:      spicycebolla_arrival_risky_transporter, layout_loops_ring
D:2:      layout_basic, serial_glass, glass_columns_a, glass_columns_a,
          minmay_lizard_pond
D:3:      layout_rooms, mainiacjoe_overflow_tiny_flanked, vehumet_crystals,
          nicolae_ecumenical_oubliette

Skill      XL: |  1  2  3  4  5 |
---------------+----------------+-----
Conjurations   | 2 3 |  3.0
Fire Magic     | 4 5 |  5.0
Dodging        | 3 4 |  4.0
Hexes          | 1 |  1.8
Stealth        | |  2.4
Spellcasting   | |  3.0

Action                   |  1- 3 |  4- 6 || total
-------------------------+-------+-------++-------
Melee: Unarmed           |     5 |       ||     5
       Dagger            |    12 |    18 ||    30
 Cast: Foxfire           |    90 |    13 ||   103
       Scorch            |    13 |    17 ||    30
       Conjure Flame     |       |     5 ||     5
  Use: Scroll            |     3 |     1 ||     4
       Potion            |       |     5 ||     5
Armor: Robe              |    17 |    13 ||    30
Dodge: Dodged            |    24 |    36 ||    60
